 Dungeon Crawl Stone Soup version 0.30-a0-1094-g860fb061e7 (webtiles) character file.

Game seed: 16368766815030728255

1323 hwolsky the Chopper (level 8, -5/71 HPs)
             Began as a Minotaur Fighter on Apr 17, 2023.
             Was an Initiate of Okawaru.
             Slain by an ogre
             ... wielding a +0 giant spiked club
              (31 damage)
             ... on level 5 of the Dungeon.
             The game lasted 00:12:17 (4340 turns).

hwolsky the Chopper (Minotaur Fighter)              Turns: 4340, Time: 00:12:18

Health: -5/71      AC: 17    Str: 22 (23) XL:     8   Next: 33%
Magic:  7/7        EV:  6    Int:  5      God:    Okawaru [......]
Gold:   129        SH:  5    Dex: 10      Spells: 7/7 levels left

rFire   . . .      SeeInvis .    a - +0 war axe
rCold   . . .      Faith    +    c - +0 buckler
rNeg    . . .      Spirit   .    o - +0 plate armour
rPois   .          Reflect  .    (helmet restricted)
rElec   +          Rampage  .    m - +0 cloak
rCorr   +                        h - +2 pair of gloves
Will    .....                    (no boots) Stlth
                                 e - amulet of faith
HPRegen 0.31/turn                q - ring of resist corrosion
MPRegen 0.10/turn                (no ring)

@: mighty, unable to read
A: horns 2, retaliatory headbutt, sense surroundings 2, electricity resistance,
inability to read after injury 1
a: Renounce Religion


You were on level 5 of the Dungeon.
You worshipped Okawaru.
Okawaru was noncommittal.
You visited 2 branches of the dungeon, and saw 6 of its levels.

You collected 129 gold pieces.

Inventory:

Hand Weapons
 a - a +0 war axe (weapon)
Missiles
 k - 5 boomerangs (quivered)
Armour
 c - a +0 buckler (worn)
 h - a +2 pair of gloves (worn)
 m - a +0 cloak (worn)
 o - a +0 plate armour (worn)
Jewellery
 e - an amulet of faith (around neck)
 n - an amulet of faith
 q - a ring of resist corrosion (left hand)
Wands
 b - a wand of polymorph (5)
 l - a wand of digging (6)
Scrolls
 f - 6 scrolls of teleportation
 p - a scroll of identify
 s - a scroll of magic mapping
Potions
 d - 2 potions of might
 g - a potion of resistance
 i - a potion of cancellation
 j - 2 potions of lignification


   Skills:
 + Level 6.6 Fighting
 * Level 7.9 Axes
 + Level 6.5 Armour
 + Level 6.6 Shields


You had 7 spell levels left.
You didn't know any spells.
Your spell library contained the following spells:

 Spells                   Type           Power      Damage    Failure   Level
 Portal Projectile        Hex/Tloc       0%         N/A       100%        3
 Blade Hands              Tmut           0%         N/A       100%        5
 Orb of Destruction       Conj           0%         9d5       100%        7
 Summon Guardian Golem    Hex/Summ       Unusable   N/A       N/A         3
 Tukima's Dance           Hex            Unusable   N/A       N/A         3
 Spellforged Servitor     Conj/Summ      Unusable   N/A       N/A         7

Dungeon Overview and Level Annotations

Branches:
Dungeon (5/15)             Temple (1/1) D:5

Altars:
Cheibriados
Dithmenos
Elyvilon
Fedhas
Makhleb
Nemelex Xobeh
Okawaru
Ru
Trog
Uskayaw
Xom
Zin
The Shining One


Innate Abilities, Weirdness & Mutations

You have a pair of horns on your head.
You reflexively headbutt those who attack you in melee.
You passively map the area around you.
You are resistant to electric shocks. (rElec)
You occasionally lose the ability to read scrolls when taking damage.


Message History

You open the door.
There is an open door here.
An ogre comes into view. It is wielding a +0 giant spiked club.
The ogre shouts!
A scorpion comes into view.
There are monsters nearby!
An ogre comes into view. It is wielding a +0 giant club.
An adder comes into view.
You barely miss the ogre.
The adder hisses angrily.
You headbutt the ogre.
The ogre is lightly wounded.
The ogre hits you with a +0 giant spiked club!
You slash the ogre! Your headbutt misses the ogre.
The ogre is heavily wounded.
You block the ogre's attack.
You hit the ogre but do no damage.
The ogre is heavily wounded.
You hit the ogre but do no damage.
The ogre is heavily wounded.
You barely miss the scorpion. You hit the ogre.
The ogre hits you but does no damage. The scorpion completely misses you.
You hit the scorpion but do no damage. You barely miss the ogre.
The scorpion barely misses you.
The ogre hits you with a +0 giant spiked club!!
The scorpion stings you but does no damage.
You barely miss the scorpion. Your headbutt misses the scorpion.
You slash the ogre!
The scorpion stings you but does no damage.
The ogre hits you with a +0 giant spiked club!
* * * LOW HITPOINT WARNING * * *
You hit the scorpion but do no damage. You barely miss the ogre.
The scorpion stings you but does no damage.
You feel better. The ogre closely misses you.
The scorpion stings you but does no damage.
You feel very mighty all of a sudden.
The scorpion stings you but does no damage.
The ogre hits you with a +0 giant spiked club!!
You feel threatened and lose the ability to read scrolls!
You die...

...#............##...#####
##.#....############.....#
##.#....# #####.#
##.##.### #.# ...##.# #<#
#####.# #####.# ......#
#.....# ####### * *
*#####.###.# +.##, ,
,#@O'...##.# , #..## *
#s###..##.# , ..#.## ,
#OS#..####.# ###..#.## ,
#.###..###.#######
,#.....#.##
..#..####........#
###..#..#.##
..###..#,########.#
#..##.#..#.##..#..### #.#
##..##.#..#.#####..# * #.#
..#####.#..#.##..### * #.#


You could see 2 ogres, a scorpion and an adder.

Vanquished Creatures
  Pikel (D:4)
  An ogre (D:5)
  3 phantoms
  A scorpion (D:5)
  An orc priest (D:3)
  2 hounds
  3 iron imps (D:3)
  Jessica (D:3)
  Ijyb (D:4)
  A hound zombie (D:3)
  A hound skeleton (D:3)
  Robin (D:4)
  4 adders
  5 gnolls
  A howler monkey skeleton (D:3)
  A white imp (D:5)
  2 ufetubi (D:5)
  2 adder skeletons (D:3)
  An adder zombie (D:3)
  2 worms
  A dart slug (D:1)
  5 orcs
  5 bats
  9 endoplasms
  6 giant cockroaches
  13 goblins
  11 hobgoblins
  6 jackals
  7 quokkas
  8 ball pythons
  2 ball python skeletons (D:3)
  3 frilled lizards
  4 kobolds
  A quokka zombie (D:3)
  7 rats
123 creatures vanquished.

Vanquished Creatures (others)
  15 plants
  6 withered plants (D:3)
21 creatures vanquished.

Grand Total: 144 creatures vanquished

Notes
Turn   | Place    | Note
-------+----------+-------------------------------------------
     0 | D:1      | hwolsky the Minotaur Fighter began the quest for the Orb.
     0 | D:1      | Reached XP level 1. HP: 19/19 MP: 0/0
    34 | D:1      | Reached XP level 2. HP: 20/27 MP: 1/1
   265 | D:1      | Reached skill level 3 in Axes
   518 | D:1      | Reached XP level 3. HP: 33/33 MP: 2/2
   885 | D:2      | Gained mutation: You passively map a small area around you.
                  | [potion of mutation]
   885 | D:2      | Gained mutation: You occasionally lose the ability to read
                  | scrolls when taking damage. [potion of mutation]
   885 | D:2      | Gained mutation: You have hidden genetic potential. [potion
                  | of mutation]
  1061 | D:2      | Reached XP level 4. HP: 39/40 MP: 3/3
  1122 | D:2      | Found a blossoming altar of Fedhas.
  1227 | D:3      | Noticed Jessica
  1233 | D:3      | Killed Jessica
  1237 | D:3      | Gained mutation: You are resistant to electric shocks.
                  | (rElec) [hidden potential]
  1387 | D:3      | Reached skill level 4 in Axes
  1442 | D:3      | Reached XP level 5. HP: 43/47 MP: 4/4
  1453 | D:3      | Gained mutation: You passively map the area around you.
                  | [hidden potential]
  1453 | D:3      | Lost mutation: You have hidden genetic potential. [hidden
                  | potential expressed]
  1696 | D:3      | Found a bloodstained altar of Trog.
  2001 | D:3      | Found a burning altar of Makhleb.
  2018 | D:3      | Reached XP level 6. HP: 55/55 MP: 5/5
  2020 | D:3      | Reached skill level 5 in Fighting
  2020 | D:3      | Reached skill level 5 in Axes
  2020 | D:3      | Reached skill level 5 in Armour
  2020 | D:3      | Reached skill level 5 in Shields
  2427 | D:4      | Noticed Ijyb
  2497 | D:4      | Killed Ijyb
  2842 | D:4      | Noticed Robin
  2868 | D:4      | Killed Robin
  3138 | D:4      | Noticed Pikel
  3155 | D:4      | Killed Pikel
  3156 | D:4      | Reached skill level 7 in Axes
  3156 | D:4      | Reached XP level 7. HP: 34/63 MP: 6/6
  3415 | D:5      | Entered Level 5 of the Dungeon
  3587 | D:5      | Found a staircase to the Ecumenical Temple.
  3601 | Temple   | Entered the Ecumenical Temple
  3645 | Temple   | Became a worshipper of Warmaster Okawaru
  3722 | D:5      | Reached XP level 8. HP: 61/70 MP: 7/7
  3818 | D:5      | Found a shadowy altar of Dithmenos.
  4231 | D:5      | Found a white marble altar of Elyvilon.
  4340 | D:5      | Slain by an ogre

Illustrated notes

Levels and vault maps discovered:
D:1:      scummos_arrival_hexagon, layout_basic, nicolae_grassy_gnolls
D:2:      layout_rooms, basic_altar
D:3:      layout_rooms, demons_altar, trog_book, serial_undead, serial_undead_e,
          serial_undead_e, serial_undead_f, serial_undead_b, serial_undead_a,
          serial_undead_c, serial_undead_e, serial_undead_e,
          minmay_misc_feat_square, serial_bayou_lake_a, uniq_jessica
D:4:      layout_loops_corners, minmay_quantized, uniq_robin, uniq_pikel,
          uniq_ijyb
D:5:      minmay_razor_zed, layout_basic, old_standard_altar,
          mainiacjoe_overflow_24_doors, nzn_wu_jian_council_hall,
          minmay_temple_entry_nine_rooms
Temple:   nicolae_temple_ecumenical_triangle

Skill      XL: |  1  2  3  4  5  6 |
---------------+-------------------+-----
Shields        | 4 6 |  6.6
Fighting       | 4 6 |  6.6
Armour         | 4 6 |  6.5
Axes           | 3 4 7 |  7.9

Action                     |  1- 3 |  4- 6 |  7- 9 || total
---------------------------+-------+-------+-------++-------
  Melee: War axe           |    82 |   192 |    63 ||   337
         Headbutt          |    16 |    31 |     9 ||    56
         Unarmed           |       |    15 |       ||    15
    Use: Scroll            |     3 |     4 |     1 ||     8
         Potion            |     4 |     4 |     2 ||    10
 Armour: Scale mail        |    40 |    79 |       ||   119
         Plate armour      |       |    67 |    41 ||   108
  Dodge: Dodged            |    40 |   114 |    23 ||   177
  Block: Buckler           |    24 |    53 |    19 ||    96

Table legend: (Time is in decaauts)
 A = Elapsed time spent in this place.
 B = Non-inter-level travel time spent in this place.
 C = Inter-level travel time spent in this place.
 D = Time resting spent in this place.
 E = Time spent auto-exploring this place.
 F = Levels seen in this place.
 G = Mean time per level.
                   A        B        C        D        E       F      G
               +--------+--------+--------+--------+--------+-----+--------+
         Total |   4460 |   4378 |     82 |    441 |   2598 |   6 |  743.3 |
       Dungeon |   4389 |   4307 |     82 |    441 |   2580 |   5 |  877.8 |
        Temple |     71 |     71 |      0 |      0 |     18 |   1 |   71.0 |
               +--------+--------+--------+--------+--------+-----+--------+

Top non-repeatable levels by time:
     D:4: 1202 daAuts
     D:3: 1064 daAuts
     D:5: 863 daAuts
     D:1: 757 daAuts
     D:2: 501 daAuts
  Temple: 71 daAuts
